Map: Echo LE

Players

Neuro

  • Race: Zerg Zerg
  • Spawn Location: 11:00

Stephanhy (Stephano) - Winner!

  • Race: Zerg Zerg
  • Spawn Location: 5:00

VOD

http://www.twitch.tv/neurostarcraft/v/3984988

Description

Time

  • Played on: April 3, 2015, 12:39 p.m.
  • Length: 20:01
Show
View Real Time Build Order
Export as new Build Order

Neuro Zerg 

Build Orders: Hatch First, Zergling Ultralisk, Roach Nydus 

Get SALT Encoding   

  12  0:01  Drone  
  13  0:12  Overlord  
  13  0:17  Drone  
  14  0:30  Drone x2  
  14  0:35  Drone  
  17  0:47  Drone  
  18  0:55  Hatchery  
  17  0:58  Drone  
  18  1:11  Spawning Pool  
  18  1:14  Drone  
  18  1:18  Drone  
  19  1:28  Drone  
  20  1:38  Overlord  
  20  1:51  Drone  
  21  1:58  Queen  
  23  2:03  Zergling x2  
  23  2:07  Drone  
  25  2:08  Queen  
  25  2:13  Drone  
  28  2:15  Extractor  
  28  2:19  Drone  
  28  2:25  Drone  
  29  2:32  Drone  
  29  2:33  Queen  
  29  2:34  Drone  
  33  2:42  Overlord  
  33  2:44  Drone, Queen  
  36  2:53  Overlord  
  35  3:04  Drone  
  35  3:05  Drone x2  
  38  3:10  Drone  
  38  3:11  Roach Warren, Drone x3, Extractor x2  
  39  3:14  Drone  
  39  3:16  Drone x2  
  39  3:17  Drone  
  39  3:18  Drone  
  44  3:22  Drone  
  44  3:24  Lair  
  45  3:32  Drone  
  45  3:33  Drone  
  47  3:36  Overlord  
  47  3:45  Drone x2  
  47  3:46  Drone  
  47  3:47  Overlord  
  47  3:48  Overlord  
  50  4:07  Roach x6  
  62  4:15  Roach x2  
  62  4:16  Roach x2  
  70  4:19  Overlord  
  70  4:30  Nydus Network, Queen  
  71  4:39  Roach x4  
  71  4:43  Queen  
  81  4:55  Overlord  
  81  4:56  Overlord x2  
  81  4:57  Roach  
  83  5:03  Ravager  
  84  5:08  Nydus Canal  
  84  5:15  Roach x4  
  84  5:20  Roach x2  
  84  5:21  Queen  
  77  5:57  Roach  
  77  5:58  Roach x11  
  95  6:10  Nydus Canal, Queen x2  
  95  6:11  Zergling x6  
  84  6:39  Roach x5  
  88  6:50  Hatchery  
  60  7:14  Queen x2  
  60  7:16  Roach  
  60  7:17  Roach x6, Extractor  
  60  7:18  Evolution Chamber  
  72  7:31  Drone x2  
  72  7:36  Glial Reconstitution  
  74  7:40  Drone x2  
  76  7:47  Drone  
  76  7:48  Zerg Missile Weapons Level 1  
  76  7:49  Drone  
  76  7:50  Drone x3  
  81  8:01  Drone  
  81  8:02  Drone  
  83  8:06  Roach  
  83  8:07  Roach x4  
  93  8:13  Overlord x3  
  93  8:14  Roach  
  93  8:15  Roach  
  93  8:18  Roach  
  93  8:19  Roach  
  101  8:24  Ravager x5  
  101  8:26  Hatchery, Overlord x2  
  105  8:37  Ravager x2  
  105  8:38  Drone x7  
  114  8:47  Roach  
  116  8:49  Ravager  
  116  8:51  Ravager  
  118  8:59  Burrow  
  118  9:01  Overseer  
  118  9:09  Drone x4  
  122  9:11  Drone x11  
  122  9:12  Extractor  
  122  9:13  Extractor  
  126  9:27  Ravager x4  
  126  9:31  Drone x8  
  135  9:37  Nydus Canal  
  138  9:50  Zerg Missile Weapons Level 2  
  138  9:51  Hatchery  
  137  10:02  Roach  
  137  10:03  Roach x6  
  137  10:04  Overlord  
  137  10:05  Overlord x7  
  151  10:08  Extractor x2  
  149  10:21  Hatchery  
  148  10:29  Roach  
  148  10:30  Roach x4  
  148  10:31  Roach x2  
  148  10:41  Roach  
  148  10:42  Roach x17  
  184  10:46  Overseer x2  
  184  11:02  Infestation Pit  
  183  11:17  Nydus Canal  
  183  11:20  Drone  
  183  11:21  Drone x5  
  189  11:28  Roach x2  
  189  11:29  Roach x2  
  189  11:30  Roach x3  
  189  11:41  Hive  
  189  11:42  Evolution Chamber  
  189  11:44  Overlord  
  188  11:47  Hatchery  
  188  11:53  Roach x5  
  183  12:06  Drone x7, Zerg Melee Weapons Level 1  
  183  12:07  Drone x2  
  192  12:08  Zerg Ground Armor Level 1  
  186  12:21  Metabolic Boost  
  182  12:38  Overseer  
  182  12:52  Spore Crawler, Extractor x2  
  182  12:53  Spine Crawler, Roach x9  
  182  12:57  Ultralisk Cavern  
  177  13:00  Roach x3  
  177  13:01  Roach x5  
  177  13:02  Roach  
  147  13:23  Roach x14  
  147  13:24  Roach x10  
  180  13:35  Overlord x2  
  166  13:45  Ultralisk  
  166  13:46  Ultralisk x6  
  198  13:49  Overseer  
  198  13:50  Overseer  
  198  13:51  Pneumatized Carapace  
  198  13:55  Chitinous Plating  
  198  13:56  Adrenal Glands  
  198  13:59  Roach x12  
  198  14:21  Extractor  
  193  14:25  Extractor  
  193  14:28  Ultralisk x3  
  194  14:34  Zerg Ground Armor Level 2, Zerg Melee Weapons Level 2  
  190  14:40  Ultralisk  
  190  14:42  Zergling x8  
  200  15:02  Roach x3  
  194  15:14  Ultralisk x3  
  200  15:41  Zergling x20  
  199  15:42  Zergling x10  
  199  15:43  Zergling x2  
  194  15:55  Ultralisk x2, Zergling x24  
  200  15:58  Roach x3  
  191  16:06  Zergling x2  
  191  16:07  Zergling x20  
  192  16:23  Zergling x8  
  192  16:24  Zergling x30  
  159  16:33  Ultralisk x5  
  159  16:34  Ultralisk x2  
  182  16:42  Ultralisk, Zergling x24  
  182  16:43  Zergling x18  
  193  16:58  Ultralisk, Zergling x2  
  160  17:22  Ultralisk x2, Zergling x2  
  163  17:23  Zergling x24  
  163  17:28  Zergling x10  
  159  17:34  Overseer x4  
  111  17:53  Zergling x22  
  111  17:57  Ultralisk x2  
  109  18:06  Ultralisk  
  109  18:12  Nydus Canal  
  108  18:14  Roach x2  
  108  18:47  Extractor  
  103  18:49  Hatchery  
  103  18:50  Overseer  
  103  18:51  Extractor  
  103  18:52  Ultralisk x3  
  103  18:54  Ravager  
  120  18:56  Hatchery  
  119  19:07  Nydus Canal  
  98  19:11  Zergling x2  
  98  19:12  Zergling x28  
  113  19:18  Overseer  
  107  19:41  Overseer  
  107  19:44  Ravager x3  
  107  19:45  Ravager  
Show
View Real Time Build Order
Export as new Build Order

Stephanhy Zerg - Winner!

Build Orders: Hatch First, Lurkers, Ravager All-In 

Get SALT Encoding   

  12  0:01  Drone  
  13  0:12  Overlord  
  13  0:17  Drone  
  14  0:31  Drone x2  
  14  0:34  Drone  
  17  0:45  Drone  
  18  0:56  Drone  
  19  0:59  Hatchery  
  18  1:06  Drone, Extractor  
  18  1:14  Spawning Pool  
  17  1:18  Drone  
  18  1:28  Drone  
  19  1:39  Drone  
  20  1:50  Overlord  
  20  2:01  Queen  
  22  2:09  Drone  
  22  2:11  Queen  
  22  2:12  Drone x2  
  27  2:24  Overlord  
  27  2:26  Drone  
  28  2:33  Drone  
  28  2:34  Drone  
  30  2:44  Queen  
  30  2:46  Drone x2, Queen  
  36  3:00  Drone  
  36  3:01  Drone  
  38  3:05  Zergling x2  
  38  3:07  Overlord  
  39  3:13  Drone x4  
  39  3:16  Drone  
  44  3:20  Drone x2, Extractor x2  
  44  3:22  Overlord  
  44  3:26  Drone x2  
  46  3:31  Drone x2  
  48  3:35  Roach Warren  
  48  3:36  Evolution Chamber  
  48  3:40  Drone  
  47  3:43  Drone  
  48  3:53  Hatchery, Drone  
  48  3:54  Drone  
  48  3:55  Drone  
  49  4:04  Overlord  
  49  4:05  Zerg Missile Weapons Level 1  
  49  4:13  Overlord  
  49  4:16  Roach x5  
  59  4:21  Lair  
  59  4:22  Extractor  
  58  4:29  Drone x4  
  62  4:33  Roach x2  
  62  4:38  Ravager x3  
  69  4:40  Ravager x2  
  69  4:43  Roach x2  
  75  4:48  Overlord  
  75  4:49  Overlord  
  75  5:01  Overlord  
  75  5:02  Overlord  
  76  5:07  Drone x4  
  76  5:08  Roach x2  
  76  5:12  Ravager x3  
  86  5:16  Roach x2  
  90  5:25  Spine Crawler  
  90  5:26  Roach x2  
  91  5:40  Roach x4  
  83  5:52  Roach x4  
  89  6:01  Glial Reconstitution  
  86  6:10  Roach x2  
  86  6:11  Roach  
  86  6:18  Roach x2  
  85  6:23  Drone x8  
  86  6:33  Roach x2  
  82  6:40  Roach  
  82  6:44  Spine Crawler  
  81  6:59  Roach x2  
  81  7:00  Roach x4  
  89  7:05  Roach x2  
  89  7:19  Drone x4, Extractor  
  92  7:28  Zerg Missile Weapons Level 2  
  92  7:35  Hatchery  
  91  7:52  Drone x5  
  91  7:53  Drone x2  
  91  7:54  Overlord x2  
  98  8:00  Overlord x2  
  98  8:02  Ravager x4  
  98  8:05  Overlord  
  102  8:16  Roach x5  
  102  8:18  Extractor x2  
  102  8:19  Ravager  
  111  8:20  Ravager  
  112  8:28  Drone x5  
  112  8:29  Drone x2  
  112  8:33  Hydralisk Den  
  118  8:35  Overseer  
  118  8:41  Drone x2  
  118  8:42  Spine Crawler  
  118  8:43  Spine Crawler  
  118  8:44  Drone  
  119  8:50  Lurker Den  
  119  9:09  Hydralisk  
  119  9:10  Hydralisk x4  
  129  9:30  Overlord x2  
  129  9:31  Hydralisk x3  
  129  9:32  Hydralisk x2  
  139  9:48  Roach x3  
  139  9:49  Roach x3  
  151  10:05  Overlord  
  151  10:06  Overlord  
  152  10:14  Drone x3  
  152  10:15  Overlord, Infestation Pit  
  152  10:16  Overlord x2  
  152  10:19  Lurker x6  
  159  10:22  Lurker  
  160  10:51  Drone x4  
  164  11:02  Hydralisk x5  
  174  11:06  Muscular Augments  
  174  11:07  Hive  
  174  11:10  Hatchery  
  173  11:21  Zerg Ground Armor Level 1  
  173  11:37  Drone x5  
  173  11:38  Spore Crawler  
  173  11:39  Spore Crawler  
  176  11:40  Spore Crawler  
  176  11:42  Lurker x2  
  176  11:43  Lurker x4  
  181  11:51  Overseer  
  180  11:57  Overseer  
  179  12:04  Overseer  
  179  12:14  Pneumatized Carapace  
  179  12:24  Evolution Chamber, Drone x2  
  179  12:25  Drone x9  
  179  12:29  Seismic Spines  
  189  12:44  Spine Crawler x2, Extractor  
  189  12:48  Spine Crawler  
  189  12:49  Extractor  
  189  12:50  Spine Crawler  
  183  12:54  Hydralisk  
  183  12:55  Hydralisk x7  
  183  12:57  Zerg Missile Weapons Level 3  
  191  13:19  Roach  
  173  13:20  Roach x15  
  171  13:42  Drone x5  
  171  13:43  Drone x3  
  179  13:52  Overseer  
  179  14:00  Drone x6  
  185  14:12  Drone x3  
  185  14:13  Drone  
  182  14:32  Drone x5  
  182  14:33  Drone x3  
  190  14:55  Drone x2, Spine Crawler  
  190  14:56  Drone x4, Spine Crawler  
  194  15:00  Zerg Ground Armor Level 2  
  194  15:04  Lurker x5  
  199  15:13  Hatchery  
  199  15:39  Hatchery  
  174  16:06  Roach x7  
  174  16:07  Roach x6  
  174  16:09  Burrow  
  175  16:34  Hydralisk x11  
  184  16:44  Extractor  
  183  17:03  Spine Crawler x2  
  183  17:04  Spine Crawler  
  183  17:05  Spine Crawler  
  141  17:39  Drone x6  
  141  17:40  Drone x2  
  143  18:01  Lurker x2  
  143  18:02  Lurker x4, Hydralisk  
  143  18:03  Hydralisk x9  
  169  18:06  Spine Crawler x2  
  169  18:07  Extractor  
  169  18:08  Spine Crawler  
  169  18:09  Spine Crawler  
  169  18:10  Extractor  
  169  18:12  Spine Crawler  
  162  18:13  Spore Crawler, Spine Crawler x2  
  162  18:14  Spine Crawler  
  158  18:34  Overseer  
  158  18:40  Drone x7  
  170  18:48  Lurker x10  
Tags
 
Add a new tag
Caveats
  • Supply blocks, unpowered buildings, or Contaminate may cause inaccurate times.
  • Supply counts are checked every 10 seconds.